 Dungeon Crawl Stone Soup version 0.31.0-9-g3a7656b989 (webtiles) character file.

Game seed: 7679321731988379642

0 qw the Shooter (level 1, -1/10 HPs)
             Began as a Spriggan Hunter on Feb 2, 2024.
             Frozen to death by an endoplasm (5 damage)
             ... on level 1 of the Dungeon.
             The game lasted 00:00:00 (41 turns).

qw the Shooter (Spriggan Hunter)                      Turns: 41, Time: 00:00:00

Health: -1/10      AC:  2    Str:  7    XL:     1   Next: 8%
Magic:  2/2        EV: 18    Int: 10    God:
Gold:   12         SH:  0    Dex: 18    Spells: 0/0 levels left

rFire   . . .        a - +0 shortbow
rCold   . . .        (shield currently unavailable)
rNeg    . . .        c - +0 robe
rPois   .            (helmet restricted)
rElec   .            (no cloak)
rCorr   .            (gloves unavailable)
SInv    +            (boots unavailable)
Will    .....        (no amulet)
Stlth   ++           (no ring)
HPRegen 0.21/turn    (no ring)
MPRegen 0.08/turn

%: no passive effects
@: very quick
A: very small, no large weapons, unfitting armour, see invisible, speed 3
a: no special abilities


You were on level 1 of the Dungeon.
You visited 1 branch of the dungeon, and saw 1 of its levels.

You collected 12 gold pieces.


Innate Abilities, Weirdness & Mutations

You are very small and have problems with some larger weapons.
You are too small for most types of armour.
You have supernaturally acute eyesight. (SInv)
You cover ground extremely quickly. (Speed+++)


   Skills:
 - Level 1.5 Fighting
 - Level 4.0 Ranged Weapons
 + Level 2.8 Dodging
 - Level 1.5 Stealth


You couldn't memorise any spells.
You didn't know any spells.
Your spell library was empty.

Inventory:

Hand Weapons
 a - a +0 shortbow (weapon)
Armour
 c - a +0 robe (worn)
Scrolls
 b - a scroll of butterflies
Potions
 d - a potion of resistance {unknown}

Dungeon Overview and Level Annotations

Branches:
Dungeon (1/15)

Altars:


Message History

Welcome, qw the Spriggan Hunter.
Will you be the one to retrieve the sublime Orb of Zot from the depths?
Press ? for a list of commands and other information.
Found an orange potion.
Found a staircase leading out of the dungeon.
Waypoint 0 assigned to D:1.
0 ||| PLANNING D:1-11
d - an orange potion As you open the door, it creaks loudly!
You hear a loud squeak.
Found an escape hatch in the floor.
There is an open door here.
A rat comes into view.
You shoot an arrow. The arrow barely misses the rat.
You shoot an arrow. The arrow hits the rat!
You kill the rat!
You now have 12 gold pieces.
As you open the door, it creaks loudly!
There is an open door here.
An endoplasm and 2 jackals come into view.
You shoot an arrow. The arrow hits the endoplasm.
The endoplasm is lightly wounded.
The jackal barks!
You shoot an arrow. The arrow hits the endoplasm.
The endoplasm is moderately wounded.
The endoplasm freezes you.
You are frozen.
The endoplasm freezes you.
You are frozen.
Ouch! That really hurt!
You shoot an arrow.
The arrow hits the endoplasm but does no damage.
The endoplasm is moderately wounded.
A jackal comes into view.
The endoplasm freezes you.
You are frozen.
Ouch! That really hurt!
You die...

.......h....#
............
...........
.......... ....h..
..h. ##J## #.@.###
#...#...####
#....#####....###
.?## ####...## # ###
###..# ##>## ##'##
######...######...##
...................#
......}........}..#


You could see an endoplasm and 3 jackals.

Vanquished Creatures
  A rat (D:1)
1 creature vanquished.

Notes
Turn   | Place    | Note
-------+----------+-------------------------------------------
     0 | D:1      | qw the Spriggan Hunter began the quest for the Orb.
     0 | D:1      | Reached XP level 1. HP: 10/10 MP: 2/2
     0 | D:1      | 0 ||| qw: Version: 0.3-a-155-g5e7d8dd
     0 | D:1      | 0 ||| qw: Game counter: 1896
     0 | D:1      | 0 ||| qw: Melee chars always use a shield: true
     0 | D:1      | 0 ||| qw: God list: Okawaru
     0 | D:1      | 0 ||| qw: Allow faded altars: false
     0 | D:1      | 0 ||| qw: Do Orc after clearing Dungeon:15 true
     0 | D:1      | 0 ||| qw: Do second Lair branch before Depths: true
     0 | D:1      | 0 ||| qw: Lair rune preference: random
     0 | D:1      | 0 ||| qw: Goals: Normal
     0 | D:1      | 0 ||| PLANNING D:1-11
    41 | D:1      | Frozen to death by an endoplasm

Levels and vault maps discovered:
D:1:      minmay_arrival_split_and_join, layout_basic

Action                     || total
---------------------------++-------
   Fire: Shortbow          ||     5

Table legend:
 A = Non-vault XP
 B = Vault XP
 C = Vault XP percentage of total XP
 D = Non-vault monster count
 E = Vault monster count
 F = Vault count percentage of total count
                 A         B        C        D         E       F
            +---------+---------+-------+---------+---------+-------
      Total |       1 |       0 |   0.0 |       1 |       0 |   0.0
            +---------+---------+-------+---------+---------+-------
        D:1 |       1 |       0 |   0.0 |       1 |       0 |   0.0
            +---------+---------+-------+---------+---------+-------
